 Dungeon Sprint DCSS version 0.24-a0-244-ga6a6ab7 (webtiles) character file.

Game seed: 17956824917532055156

1964 MikeHunt the Blocker (level 9, -12/57 HPs)
             Began as a Gargoyle Fighter on Apr 11, 2019.
             Was a Priest of Okawaru.
             Mangled by Snorg (16 damage)
             ... in the Dungeon (Sprint III: "The Ten Rune Challenge").
             The game lasted 00:05:59 (1391 turns).

MikeHunt the Blocker (Gargoyle Fighter)             Turns: 1391, Time: 00:06:00

Health: -12/57     AC: 16    Str: 22    XL:     9   Next: 19%
Magic:  11/12      EV: 12    Int:  9    God:    Okawaru [***...]
Gold:   68         SH: 15    Dex: 12    Spells: 8/8 levels left

rFire    . . .     SeeInvis .   a - +0 flail
rCold    . . .     Gourm    .   c - +0 shield
rNeg     + . .     Faith    .   b - +0 scale mail
rPois    ∞         Spirit   .   (no helmet)
rElec    +         Reflect  .   (no cloak)
rCorr    .         Harm     .   (no gloves)
MR       .....     NoTele   +   (no boots)
Stlth    +.........             (no amulet)
HPRegen  0.19/turn              (no ring)
MPRegen  0.13/turn              (no ring)

@: heroism, flying
A: hooves 1, thin metallic scales 1, negative energy resistance 1, electricity
resistance, strong 1, unbreathing, petrification resistance, rot immunity,
MP-powered wands, AC +6
a: Heroism, Renounce Religion


You were in the Dungeon.
You worshipped Okawaru.
Okawaru was most pleased with you.
You were not hungry.

You visited 1 branch You collected 68 gold pieces.

Inventory:

Hand Weapons
 a - a +0 flail (weapon)
 d - a +0 long sword of holy wrath
Armour
 b - a +0 scale mail (worn)
 c - a +0 shield (worn)
Wands
 q - a wand of scattershot (1)
Scrolls
 j - a scroll of immolation {unknown}
 k - a scroll of blinking
 l - 2 scrolls of enchant armour {unknown}
 m - 5 scrolls of identify
 o - 3 scrolls of torment {unknown}
Potions
 e - 4 potions of mutation
 h - a potion of haste
 i - 2 potions of magic
 n - a potion of flight
Comestibles
 f - 3 rations
 r - 3 chunks of flesh {@w1}


   Skills:
 + Level 7.0(12.0) Fighting
 * Level 13.2(18.2) Maces & Flails
 - Level 3.2(8.2) Armour
 * Level 14.4(19.4) Shields
 + Level 4.0 Invocations


You had 8 spell levels left.
You didn't know any spells.
Your spell library contained the following spells:

 Spells                   Type           Power        Failure   Level  Hunger
 Animate Skeleton         Necr           N/A          67%         1    ##.....
 Apportation              Tloc           #.....       67%         1    ##.....
 Confusing Touch          Hex            #.....       67%         1    ##.....
 Magic Dart               Conj           #...         67%         1    ##.....
 Summon Small Mammal      Summ           #...         67%         1    ##.....
 Blink                    Tloc           N/A          80%         2    ###....
 Call Imp                 Summ           #.......     80%         2    ###....
 Slow                     Hex            #.......     80%         2    ###....
 Conjure Flame            Conj/Fire      #.......     95%         3    ####...
 Mephitic Cloud           Conj/Pois/Air  #.......     95%         3    ####...


Dungeon Overview and Level Annotations

Branches:
Dungeon (1/1)

Altars:
Cheibriados
Dithmenos
Elyvilon
Fedhas
Gozag
Hepliaklqana
Kikubaaqudgha
Makhleb
Nemelex Xobeh
Okawaru
Qazlal
Ru
Sif Muna
Trog
Uskayaw
Vehumet
Wu Jian
Xom
Yredelemnul
Zin
The Shining One
Beogh
Jiyva
Lugonu

Annotations:
D Snorg


Innate Abilities, Weirdness & Mutations

You are resistant to torment.
Your stone body is resilient. (AC +6)
You are immune to poison.
You resist negative energy. (rN+)
You are resistant to electric shocks. (rElec)
You can survive without breathing.
You are immune to petrification.
You are immune to rotting.
You have large cloven feet.
You are partially covered in thin metallic scales. (AC +2)
Your muscles are strong. (Str +2)
You expend magic power (3 MP) to strengthen your wands.


Message History

Some of the chunks of flesh in your inventory have rotted away.
Unknown command.
You hit Snorg. You kick Snorg.
Snorg is moderately wounded.
The orc barely misses you. Snorg bites you! Snorg barely misses you.
Snorg closely misses you.
You barely miss Snorg. You kick Snorg.
Snorg is moderately wounded.
Snorg bites you!!
* * * LOW HITPOINT WARNING * * *
You block Snorg's attack. Snorg claws you.
* * * LOW HITPOINT WARNING * * *
The orc closely misses you. You block Snorg's attack. Snorg barely misses you.
You block Snorg's attack. You block the orc's attack.
There is an open door here.
An orc comes into view. It is wielding a +0 hand axe.
An orc comes into view. It is wielding a +0 mace.
You block Snorg's attack. Snorg claws you but does no damage. Snorg claws you!
You die...

♣.############$##
♣♣.#___#___#__#$$#
♣..#...#__.#._#$..
♣).###'#'###)##$$
.♣.#.)........#$o
..['.⌠....))))#.#
♣.)#[..######)#o#
...#.⌠.#__#...#'#######
...#...#__#...#.@§§≈'.#
...#'###__#...#T#§§o#.#
...#)).#__#..o'.#§§.#
...#___#__'...#.#§§.#
▓▓▓▓▓▓▓▓▓▓▓▓▓▓▓▓▓ ▓▓


You could see Snorg (berserk), an orc warrior and an orc.

Vanquished Creatures
  An orc sorcerer (D)
  A deep elf mage (D)
  A shadow (D)
  A spatial vortex (D)
  2 orc warriors (D)
  A necrophage (D)
  A water elemental (D)
  A scorpion (D)
  A jelly (D)
  An orc priest (D)
  Jessica (D)
  A wizard (D)
  3 orc wizards (D)
  A necromancer (D)
  3 humans (D)
  A kobold demonologist (D)
  An ooze (D)
  3 orcs (D)
  A kobold (D)
  2 rats (D)
28 creatures vanquished.

Vanquished Creatures (others)
  2 draconian scorchers (D)
  2 yaktaurs (D)
  6 hellions (D)
10 creatures vanquished.

Grand Total: 38 creatures vanquished

Notes
Turn   | Place    | Note
-------+----------+-------------------------------------------
     0 | D        | MikeHunt the Gargoyle Fighter began the quest for the Orb.
     0 | D        | Reached XP level 1. HP: 14/14 MP: 1/1
     5 | D        | Reached skill level 4 in Shields
    25 | D        | Noticed Jessica
    44 | D        | Killed Jessica
    44 | D        | Reached skill level 5 in Shields
    44 | D        | Reached XP level 2. HP: 11/19 MP: 2/2
    44 | D        | Reached XP level 3. HP: 13/23 MP: 3/3
    95 | D        | Killed a hellion
    96 | D        | Killed a hellion
    96 | D        | Killed a hellion
    97 | D        | Killed a hellion
    98 | D        | Killed a hellion
    99 | D        | Killed a hellion
   141 | D        | Killed a white draconian scorcher
   168 | D        | Killed a white draconian scorcher
   213 | D        | Reached skill level 5 in Maces & Flails
   213 | D        | Reached skill level 6 in Shields
   252 | D        | Killed a yaktaur
   288 | D        | Noticed a scorpion
   303 | D        | Killed a scorpion
   303 | D        | Reached skill level 7 in Shields
   303 | D        | Reached XP level 4. HP: 25/28 MP: 4/4
   319 | D        | Gained mutation: You expend magic power (3 MP) to
                  | strengthen your wands. [potion of mutation]
   319 | D        | Gained mutation: Your muscles are strong. (Str +2) [potion
                  | of mutation]
   319 | D        | Gained mutation: You are partially covered in thin metallic
                  | scales. (AC +2) [potion of mutation]
   319 | D        | Gained mutation: You have large cloven feet. [potion of
                  | mutation]
   334 | D        | Noticed a water elemental
   336 | D        | Killed a yaktaur
   351 | D        | Killed a water elemental
   351 | D        | Reached skill level 8 in Shields
   351 | D        | Reached XP level 5. HP: 11/32 MP: 5/5
   576 | D        | Reached skill level 9 in Shields
   583 | D        | Found a hide-covered altar of Uskayaw.
   583 | D        | Found a roughly hewn altar of Beogh.
   583 | D        | Found an iron altar of Okawaru.
   583 | D        | Found a bloodstained altar of Trog.
   583 | D        | Found an ornate altar of the Wu Jian Council.
   583 | D        | Noticed a human
   584 | D        | Noticed a human
   590 | D        | Killed a human
   590 | D        | Reached skill level 10 in Shields
   590 | D        | Reached XP level 6. HP: 32/37 MP: 6/6
   598 | D        | Became a worshipper of Warmaster Okawaru
   604 | D        | Killed a human
   604 | D        | Reached skill level 10 in Maces & Flails
   604 | D        | Reached skill level 11 in Shields
   604 | D        | Reached XP level 7. HP: 28/41 MP: 7/7
   683 | D        | Found a basalt altar of Yredelemnul.
   683 | D        | Found a shadowy altar of Dithmenos.
   683 | D        | Found a sacrificial altar of Ru.
   697 | D        | Reached skill level 12 in Shields
   838 | D        | Found a radiant altar of Vehumet.
   839 | D        | Found a deep blue altar of Sif Muna.
   839 | D        | Found an ancient bone altar of Kikubaaqudgha.
   918 | D        | Found a glowing silver altar of Zin.
   918 | D        | Found a glowing golden altar of the Shining One.
   918 | D        | Found a white marble altar of Elyvilon.
   919 | D        | Noticed a deep elf mage
   931 | D        | Killed a deep elf mage
   931 | D        | Reached * piety under Okawaru
   931 | D        | Reached ** piety under Okawaru
   931 | D        | Reached skill level 5 in Fighting
   931 | D        | Reached skill level 13 in Shields
   931 | D        | Reached XP level 8. HP: 27/49 MP: 8/8
  1068 | D        | Noticed a shadow
  1088 | D        | Killed a shadow
  1159 | D        | Reached skill level 1 in Invocations
  1169 | D        | Noticed an orc sorcerer
  1197 | D        | Killed an orc sorcerer
  1197 | D        | Reached *** piety under Okawaru
  1197 | D        | Reached skill level 14 in Shields
  1197 | D        | Reached XP level 9. HP: 46/56 MP: 9/11
  1352 | D        | Found a blossoming altar of Fedhas.
  1357 | D        | Found a stormy altar of Qazlal.
  1363 | D        | Found a snail-covered altar of Cheibriados.
  1363 | D        | Found a burning altar of Makhleb.
  1363 | D        | Found a hazy altar of Hepliaklqana.
  1363 | D        | Found a shimmering altar of Xom.
  1363 | D        | Found an opulent altar of Gozag.
  1363 | D        | Found a sparkling altar of Nemelex Xobeh.
  1363 | D        | Found a corrupted altar of Lugonu.
  1363 | D        | Found a viscous altar of Jiyva.
  1367 | D        | Noticed Snorg
  1391 | D        | Mangled by Snorg

Levels and vault maps discovered:
D:        dungeon_sprint_mu [sprint_mu_entry_forest, sprint_mu_temple_rooms,
          sprint_mu_d1_horrors, sprint_mu_d2_genie, sprint_mu_d3_branching,
          sprint_mu_orc_legion, sprint_mu_elf_gauntlet, sprint_mu_hive_nellie,
          sprint_mu_lair_fedhas, sprint_mu_vaults_butterflies,
          sprint_mu_slime_circle, sprint_mu_swamp_cave, sprint_mu_shoals_archi,
          sprint_mu_blade_basic, sprint_mu_crypt_lich, sprint_mu_tomb_spiral,
          sprint_mu_vestibule_basic, sprint_mu_gehenna_hellfire,
          sprint_mu_dis_giant, sprint_mu_tartarus_statrot,
          sprint_mu_cocytus_islands, sprint_mu_zot1]

Skill      XL: |  1  2  3  4  5  6  7  8  9 |
---------------+----------------------------+-----
Maces & Flails | 4 6 7 9 10 12 13 | 13.2
Shields        | 5 7 8 10 11 13 14 | 14.4
Fighting       | 5 6 7 |  7.0
Invocations    | 3 4 |  4.0
Armour         | |  3.2

Action                   |  1- 3 |  4- 6 |  7- 9 || total
-------------------------+-------+-------+-------++-------
Melee: Flail             |    48 |    28 |    93 ||   169
       Kick              |       |     8 |    26 ||    34
Invok: Heroism           |       |       |     1 ||     1
  Use: Potion            |     2 |     2 |     3 ||     7
  Eat: Ration            |       |       |     1 ||     1
Armor: Scale mail        |    12 |     8 |    35 ||    55
Dodge: Dodged            |    11 |     5 |    23 ||    39
Block: Shield            |    28 |    12 |    45 ||    85

Table legend:
 A = Non-vault XP
 B = Vault XP
 C = Vault XP percentage of total XP
 D = Non-vault monster count
 E = Vault monster count
 F = Vault count percentage of total count
                 A         B        C        D         E       F
            +---------+---------+-------+---------+---------+-------
      Total |       0 |    2807 | 100.0 |       0 |      28 | 100.0
            +---------+---------+-------+---------+---------+-------
          D |       0 |    2807 | 100.0 |       0 |      28 | 100.0
            +---------+---------+-------+---------+---------+-------
